Map: Écho EC

Players

AgCl - Winner!

  • Race: Protoss Protoss

Fyves

  • Race: Terran Terran

VOD

Have the link to the VOD?

Description

Time

  • Played on: May 19, 2015, 7:10 p.m.
  • Length: 17:31
Show
View Real Time Build Order
Export as new Build Order

AgCl Protoss - Winner!

Build Orders: Oracle Opening, Oracle Opening 

Get SALT Encoding   

  12  0:16  Pylon  
  12  0:18  Probe  
  13  0:30  Probe  
  14  0:42  Probe  
  15  0:46  Gateway  
  15  0:54  Probe  
  16  1:00  Assimilator  
  16  1:06  Probe  
  16  1:10  Pylon  
  17  1:18  Probe (Chrono Boost)  
  18  1:30  Probe (Chrono Boost)  
  19  1:36  Cybernetics Core, Probe (Chrono Boost)  
  20  1:40  Zealot (Chrono Boost)  
  22  1:48  Probe  
  23  1:57  Assimilator  
  23  2:00  Probe  
  24  2:25  Warp Gate  
  24  2:29  Nexus  
  25  2:44  Stargate  
  25  2:52  Mothership Core (Chrono Boost)  
  25  3:06  Probe  
  26  3:18  Pylon  
  26  3:25  Forge  
  26  3:36  Oracle (Chrono Boost)  
  26  3:39  Probe (Chrono Boost)  
  30  3:43  Probe (Chrono Boost)  
  31  3:51  Probe (Chrono Boost)  
  31  3:54  Probe (Chrono Boost)  
  33  3:58  Probe (Chrono Boost)  
  33  3:59  Probe (Chrono Boost)  
  35  4:07  Photon Cannon  
  36  4:15  Probe (Chrono Boost)  
  36  4:17  Probe (Chrono Boost)  
  37  4:22  Probe (Chrono Boost)  
  37  4:23  Probe (Chrono Boost)  
  39  4:32  Fleet Beacon  
  39  4:36  Probe (Chrono Boost)  
  39  4:38  Probe (Chrono Boost)  
  41  4:49  Probe (Chrono Boost)  
  41  4:52  Probe (Chrono Boost)  
  43  4:56  Probe (Chrono Boost)  
  43  4:58  Probe  
  45  5:17  Probe (Chrono Boost)  
  45  5:20  Photon Cannon  
  44  5:21  Probe (Chrono Boost)  
  44  5:23  Assimilator  
  44  5:25  Photon Cannon  
  44  5:27  Probe (Chrono Boost), Tempest (Chrono Boost)  
  49  5:34  Robotics Facility  
  49  5:35  Probe (Chrono Boost)  
  51  5:36  Pylon  
  51  5:38  Probe (Chrono Boost)  
  51  5:39  Assimilator  
  51  5:44  Pylon  
  51  5:46  Probe (Chrono Boost)  
  51  5:47  Protoss Air Weapons Level 1 (Chrono Boost)  
  52  5:54  Probe x2  
  54  6:03  Tempest (Chrono Boost)  
  58  6:06  Probe x2  
  60  6:16  Stargate  
  60  6:18  Probe, Pylon  
  60  6:22  Observer  
  60  6:24  Probe  
  63  6:29  Stalker  
  65  6:51  Phoenix (Chrono Boost)  
  67  6:56  Probe (Chrono Boost)  
  67  7:01  Phoenix (Chrono Boost)  
  71  7:02  Probe (Chrono Boost)  
  71  7:05  Probe (Chrono Boost)  
  71  7:12  Probe  
  71  7:15  Pylon  
  72  7:19  Probe  
  72  7:21  Photon Cannon  
  73  7:24  Observer  
  73  7:28  Nexus  
  74  7:30  Protoss Air Weapons Level 2 (Chrono Boost)  
  74  7:34  Tempest (Chrono Boost), Pylon  
  74  7:35  Probe  
  74  7:36  Probe  
  80  7:42  Photon Cannon  
  74  8:11  Carrier (Chrono Boost)  
  74  8:13  Carrier (Chrono Boost)  
  74  8:27  Gateway, Pylon  
  74  8:28  Gateway  
  74  8:32  Gateway x2  
  74  8:34  Pylon  
  86  8:42  Probe (Chrono Boost)  
  86  8:45  Assimilator  
  86  8:46  Protoss Ground Weapons Level 1  
  87  8:51  Probe (Chrono Boost)  
  87  8:55  Pylon  
  88  8:59  Probe  
  88  9:02  Probe  
  90  9:15  Probe  
  91  9:18  Probe  
  91  9:20  Carrier (Chrono Boost)  
  91  9:21  Carrier (Chrono Boost), Assimilator  
  92  9:29  Twilight Council  
  92  9:30  Pylon  
  92  9:32  Gateway  
  92  9:33  Pylon  
  92  9:36  Gateway, Graviton Catapult (Chrono Boost)  
  104  9:38  Pylon  
  104  9:47  Photon Cannon  
  104  9:52  Photon Cannon  
  104  9:53  Photon Cannon  
  104  9:55  Pylon  
  104  10:05  Protoss Air Weapons Level 3  
  104  10:14  Charge (Chrono Boost)  
  104  10:15  Pylon  
  102  10:47  Carrier (Chrono Boost)  
  98  10:57  Pylon  
  98  10:58  Pylon, Zealot x3  
  98  10:59  Adept, Zealot  
  98  11:00  Nexus, Assimilator  
  98  11:04  Assimilator  
  109  11:30  Zealot x4  
  117  11:45  Pylon  
  117  11:48  Twilight Council  
  115  12:00  Nexus  
  115  12:01  Pylon  
  101  12:10  Gateway, Carrier (Chrono Boost)  
  99  12:18  Dark Shrine  
  97  12:22  Pylon  
  97  12:23  Carrier (Chrono Boost)  
  85  12:34  Protoss Air Armor Level 1 (Chrono Boost)  
  100  12:48  Probe x3 (Chrono Boost)  
  100  12:55  Protoss Ground Weapons Level 2 (Chrono Boost)  
  94  13:14  Templar Archives  
  94  13:24  Carrier (Chrono Boost)  
  94  13:29  Photon Cannon  
  94  13:33  Gateway  
  94  13:34  Zealot, Pylon, Photon Cannon  
  94  13:35  Dark Templar  
  94  13:41  Zealot  
  106  13:52  Psionic Storm  
  104  14:00  Carrier (Chrono Boost)  
  102  14:13  Probe  
  107  14:27  Pylon, High Templar x4  
  115  14:31  Zealot, Assimilator  
  117  14:39  Zealot x2  
  121  14:49  Assimilator  
  121  14:50  Probe (Chrono Boost)  
  123  14:55  Probe x2 (Chrono Boost), Carrier (Chrono Boost)  
  123  14:56  Probe (Chrono Boost)  
  123  14:58  Probe (Chrono Boost)  
  123  14:59  Carrier (Chrono Boost)  
  124  15:06  Protoss Air Armor Level 2 (Chrono Boost)  
  124  15:07  Protoss Ground Weapons Level 3 (Chrono Boost)  
  122  15:21  Zealot x3  
  138  15:34  Pylon  
  142  15:35  Probe (Chrono Boost)  
  142  15:36  Photon Cannon x2  
  142  15:37  Probe (Chrono Boost)  
  142  15:41  Probe (Chrono Boost)  
  142  15:43  Probe (Chrono Boost)  
  116  16:00  Archon  
  109  16:05  Carrier (Chrono Boost)  
  109  16:10  Zealot  
  109  16:11  Zealot x2  
  115  16:12  Dark Templar x2, Zealot  
  115  16:14  Zealot  
  115  16:15  Zealot  
  111  16:49  High Templar x2  
  111  16:50  High Templar x2  
  111  16:53  Probe (Chrono Boost)  
  122  16:58  Probe x2 (Chrono Boost)  
  122  17:06  Dark Templar  
  126  17:11  Dark Templar  
  128  17:21  Archon  
Show
View Real Time Build Order
Export as new Build Order

Fyves Terran 

Build Orders: Reaper Expand, MMM Bio 

Get SALT Encoding   

  12  0:02  SCV  
  13  0:14  SCV  
  14  0:22  Supply Depot  
  14  0:28  SCV  
  15  0:37  Refinery  
  15  0:45  Barracks  
  15  0:46  SCV  
  16  0:59  SCV  
  17  1:11  SCV  
  18  1:23  SCV, Supply Depot  
  19  1:36  Reaper  
  19  1:38  Orbital Command  
  20  1:59  Command Center  
  20  2:09  Barracks Reactor  
  20  2:16  Factory  
  20  2:19  SCV  
  21  2:34  SCV  
  22  2:42  Supply Depot  
  22  2:46  Command Center  
  22  2:50  Marine x2  
  23  2:52  SCV  
  23  3:04  SCV  
  23  3:06  Widow Mine  
  24  3:16  SCV  
  25  3:23  Bunker  
  25  3:24  Marine x2  
  25  3:26  Starport  
  27  3:28  SCV  
  28  3:39  Widow Mine  
  28  3:41  SCV  
  31  3:44  Marine x2  
  33  3:53  SCV, Barracks  
  34  3:59  Orbital Command  
  34  4:04  Marine  
  34  4:05  SCV, Marine  
  37  4:14  Factory Tech Lab  
  37  4:16  Medivac  
  39  4:17  SCV  
  39  4:24  Refinery  
  40  4:27  SCV  
  40  4:29  SCV  
  42  4:39  Supply Depot, SCV  
  42  4:41  SCV  
  44  4:54  Cloaking Field  
  44  4:57  Barracks Tech Lab  
  40  5:05  Missile Turret  
  39  5:24  Orbital Command  
  39  5:28  SCV  
  40  5:39  Banshee  
  40  5:40  Marine  
  44  5:43  SCV  
  45  5:50  Command Center, Supply Depot, Marine x2  
  45  5:54  SCV  
  45  5:55  SCV  
  49  6:00  Marine  
  50  6:08  Stimpack, Marine  
  50  6:09  Marine  
  52  6:12  SCV  
  52  6:18  Marine  
  52  6:39  SCV x2  
  54  6:44  Banshee  
  54  6:46  Widow Mine  
  57  6:48  Marine x3  
  57  6:52  SCV x2  
  60  6:54  Missile Turret  
  60  6:58  Supply Depot  
  60  7:04  SCV  
  61  7:15  Orbital Command  
  61  7:23  Supply Depot  
  61  7:25  Supply Depot  
  60  7:30  Marine x3  
  60  7:33  Medivac  
  60  7:34  Barracks  
  65  7:44  SCV x3  
  62  7:56  Marine x3  
  62  7:57  Orbital Command  
  64  8:01  SCV x2  
  66  8:13  SCV  
  66  8:14  SCV, Factory Reactor  
  68  8:21  Starport Reactor  
  68  8:26  SCV  
  68  8:27  SCV  
  70  8:34  Combat Shields  
  70  8:35  Barracks  
  70  8:36  Barracks Reactor  
  70  8:40  Barracks  
  70  8:41  Marine x3  
  73  8:50  SCV x2  
  73  8:54  SCV  
  76  9:02  SCV  
  77  9:07  SCV x2  
  79  9:15  Engineering Bay  
  79  9:16  Refinery  
  79  9:17  SCV, Refinery, Engineering Bay  
  80  9:20  SCV  
  81  9:24  Supply Depot  
  81  9:25  Concussive Shells  
  81  9:26  Marine  
  81  9:27  Marine x3  
  81  9:28  Medivac x2  
  89  9:31  Widow Mine  
  89  9:32  SCV, Widow Mine  
  89  9:33  Barracks Reactor  
  89  9:34  Marine  
  95  9:40  Supply Depot  
  95  9:41  Supply Depot  
  95  9:44  Terran Infantry Weapons Level 1, Terran Infantry Armor Level 1  
  95  9:48  Supply Depot  
  95  9:51  Supply Depot  
  94  9:58  Missile Turret, Medivac x2  
  94  9:59  SCV  
  99  10:00  Marine x2  
  99  10:01  Marine  
  99  10:04  Marauder  
  99  10:05  Supply Depot, Marauder  
  99  10:06  Widow Mine x2  
  110  10:16  Armory  
  110  10:17  Bunker  
  110  10:18  Marine x3  
  110  10:19  SCV  
  110  10:20  SCV  
  115  10:25  Command Center  
  115  10:26  Marauder  
  117  10:30  Marine  
  117  10:31  Marine x3  
  121  10:36  Marine  
  122  10:43  Marine  
  122  10:44  Marine  
  122  10:47  Marine  
  122  10:48  Marine x2  
  127  11:00  Marine x3  
  130  11:12  Marine x2  
  121  11:27  Marine x2  
  121  11:28  Marine x4  
  121  11:30  Marine  
  114  11:35  Marine  
  112  11:41  Terran Infantry Weapons Level 2, Terran Infantry Armor Level 2  
  112  11:44  Supply Depot  
  112  11:45  Marine x3  
  115  11:47  SCV  
  115  11:53  Marine x3  
  119  11:59  SCV  
  117  12:06  Orbital Command  
  117  12:07  Supply Depot  
  115  12:11  SCV  
  115  12:15  Marine x4  
  114  12:21  Marine x4  
  109  12:23  SCV  
  110  12:32  Marine  
  110  12:33  Marine x3  
  110  12:36  SCV  
  115  12:37  Medivac x2  
  115  12:39  Marine x4  
  123  12:45  Refinery  
  123  12:46  Supply Depot, Refinery  
  123  12:50  Supply Depot  
  123  12:51  Terran Vehicle And Ship Armor Level 1, Orbital Command  
  120  13:07  Medivac x2  
  120  13:08  Supply Depot, Marine x4  
  120  13:09  Marine x2  
  130  13:24  Marauder x2  
  130  13:26  Marine x3  
  137  13:29  Barracks  
  137  13:30  Sensor Tower, Barracks  
  137  13:31  Barracks, Missile Turret x2  
  137  13:32  Starport  
  137  13:34  Barracks  
  137  13:35  Supply Depot  
  137  13:37  Supply Depot, Medivac x2  
  141  13:45  Marauder x2, Marine x4  
  149  13:51  Marine x2  
  151  14:02  Marine  
  146  14:03  Marine x3  
  146  14:07  Medivac x2, Marauder x2  
  146  14:08  Marine  
  146  14:09  Marine  
  147  14:20  Barracks, Marine x3  
  147  14:21  Marine  
  150  14:29  Marine x3  
  150  14:30  Marine  
  154  14:37  Medivac x2  
  154  14:38  Marine x4  
  162  14:47  Marine x4  
  166  14:56  Marine x4  
  166  14:59  Barracks Tech Lab  
  170  15:05  Marine x4  
  174  15:07  Medivac x2  
  178  15:21  Bunker  
  178  15:28  Marine x3  
  178  15:31  Marine x2  
  178  15:32  Marine  
  178  15:33  Command Center  
  178  15:34  Marine x3  
  187  15:37  Marauder x3, Medivac x2, Marine  
  196  15:46  Marine x3  
  196  15:49  Marine x2  
  200  15:54  Marine  
  195  15:58  Marauder x2  
  195  16:02  Marine x2  
  154  16:08  Marine x3  
  154  16:09  Marine x4  
  147  16:12  Marine  
  147  16:16  Ghost Academy  
  147  16:18  Supply Depot  
  148  16:20  Marauder x2, Marine  
  148  16:23  Marine  
  131  16:26  Marine x2  
  131  16:28  Marine x3  
  131  16:29  Marine x2  
  131  16:31  Marine  
  112  16:37  Marine  
  93  16:41  Marine x3  
  93  16:44  Marine x2  
  93  16:46  Marine x2  
  99  17:00  Marauder, Marine x3  
  99  17:01  Marine, Marauder  
  107  17:08  Marine  
Tags
 
Add a new tag
Caveats
  • Supply blocks, unpowered buildings, or Contaminate may cause inaccurate times.
  • Supply counts are checked every 10 seconds.